 Dungeon Crawl Stone Soup version 0.28.0-53-g5a82cb258f (webtiles) character file.

Game seed: 17305073940816793074

30 NamelessAdventurer the Firebug (level 3, 0/22 HPs)
             Began as a Felid Fire Elementalist on June 2, 2022.
             Was a Believer of Lugonu.
             Succumbed to an adder's poison
             ... on level 2 of the Dungeon.
             The game lasted 00:08:10 (1291 turns).

NamelessAdventurer the Firebug (FeFE)               Turns: 1291, Time: 00:08:11

Health: 0/22       AC: 21    Str:  6    XL:     3   Next: 5%
Magic:  4/7        EV:  4    Int: 16    God:    Lugonu [**....]
Gold:   40         SH:  0    Dex: 16    Spells: 3/6 levels left
                                        Lives:  0   Deaths: 0

rFire   . . .      SeeInvis +   (weapon unavailable)
rCold   . . .      Faith    .   (shield unavailable)
rNeg    . . .      Spirit   .   (armour unavailable)
rPois   +          Reflect  .   (helmet unavailable)
rElec   .          Harm     .   (cloak unavailable)
rCorr   .          Rampage  .   (gloves unavailable)
Will    .....      NoTele   +   (boots unavailable)
Stlth   ++........              (no amulet)
HPRegen 0.07/turn               (no ring)
MPRegen 0.10/turn               (no ring)

@: lethally poisoned (0 -> -8), tree-form
A: stationary, stasis, torment immunity, boosted hp, very small, (claws 1),
(fangs 3), see invisible, (speed 1), (shaggy fur 1), (stealthy paws), no weapons
or thrown items, no armour, multi-lived
a: Renounce Religion, Depart the Abyss, Bend Space


You were on level 2 of the Dungeon.
You worshipped Lugonu.
Lugonu was pleased with you.
You were a tree.
You visited 1 branch of the dungeon, and saw 2 of its levels.

You collected 40 gold pieces.

Inventory:

Scrolls
 c - a scroll of brand weapon
Potions
 a - 2 potions of brilliance


   Skills:
 * Level 0.4 Fighting
 * Level 2.9 Dodging
 * Level 2.9 Stealth
 * Level 0.4 Unarmed Combat
 * Level 2.3 Spellcasting
 * Level 1.1 Conjurations
 * Level 3.2 Fire Magic


You had 3 spell levels left.
You knew the following spells:

 Your Spells              Type           Power      Damage    Failure   Level
a - Foxfire               Conj/Fire      32%        2x1d5     9%          1
b - Scorch                Fire           24%        2d6       9%          2

Your spell library contained the following spells:

 Spells                   Type           Power      Damage    Failure   Level
 Conjure Flame            Conj/Fire      8%         6-21      24%         3
 Inner Flame              Hex/Fire       6%         N/A       30%         3
 Flame Wave               Conj/Fire      8%         2d5       63%         4


Dungeon Overview and Level Annotations

Branches:
Dungeon (2/15)

Altars:
Lugonu


Innate Abilities, Weirdness & Mutations

You are a tree.
Your roots penetrate the ground, keeping you stationary.
You cannot be teleported.
You are immune to unholy pain and torment.
Your maximum health is greatly increased.
((You have sharp claws.))
((You have razor-sharp teeth.))
You have supernaturally acute eyesight. (SInv)
((You cover ground quickly. (Speed+)))
((You are covered in fur. (AC +1)))
((Your paws help you pounce on unaware monsters.))
You are incapable of wielding weapons or throwing items.
You cannot wear armour.
You gain extra lives every three experience levels.


Message History

You closely miss the jackal. The jackal barely misses you.
You closely miss the jackal. The jackal bites you. x2
You scratch the jackal but do no damage.
You bite the jackal.
The jackal is heavily wounded.
The jackal closely misses you.
Okay, then.
Casting: Scorch (safe; 9% risk of failure)
Press: ? - help, Q - select action, (/) - cycle Dir - look around, f - activate Flames lash the jackal.
You kill the jackal!
Lugonu accepts your kill.
You start resting.
Magic restored.
You start resting.
HP restored.
You open the door.
Found a ring mail.
Found a ring mail.
There is an open door here.
An adder comes into view.
The adder hisses angrily.
Casting: Scorch (safe; 9% risk of failure)
Press: ? - help, Q - select action, (/) - cycle Dir - look around, f - activate Flames lash the adder.
The adder is severely wounded.
The adder's fire resistance burns away.
The adder bites you. x2
You are poisoned.
The adder poisons you!
You fail to use your ability.
You feel sick. The adder bites you.
You are more poisoned.
The adder poisons you!
A worm comes into view.
Space bends around you!
You blink.
* * * LOW HITPOINT WARNING * * *
You feel sick.
It was a potion of lignification.
You turn into a tree.
Your roots penetrate the ground.
You die...

#.# ##'##
##...##
##.....##
##.......######
#.........[....
+...........w
#......[..###
##....S♣..#
##.....#.#
##...##.# ##+##
. #


You could see a worm and an adder (combustible).

Vanquished Creatures
  An endoplasm (D:1)
  3 giant cockroaches (D:1)
  2 goblins (D:1)
  6 hobgoblins (D:1)
  3 jackals (D:2)
  A kobold (D:1)
  2 quokkas (D:1)
  4 bats (D:1)
  2 frilled lizards (D:1)
  A rat (D:1)
25 creatures vanquished.

Vanquished Creatures (others)
  25 foxfires
  A plant (D:1)
26 creatures vanquished.

Grand Total: 51 creatures vanquished

Notes
Turn   | Place    | Note
-------+----------+-------------------------------------------
     0 | D:1      | NamelessAdventurer the Felid Fire Elementalist began the
                  | quest for the Orb.
     0 | D:1      | Reached XP level 1. HP: 7/7 MP: 4/4
   207 | D:1      | Reached skill level 1 in Conjurations
   282 | D:1      | Reached XP level 2. HP: 8/11 MP: 1/6
   285 | D:1      | Learned a level 2 spell: Scorch
   479 | D:1      | Found a faded altar of an unknown god.
   483 | D:1      | Prayed at the altar of an unknown god.
   483 | D:1      | Became a worshipper of Lugonu the Unformed
   483 | D:1      | Reached * piety under Lugonu
   483 | D:1      | Reached ** piety under Lugonu
   603 | D:1      | Reached skill level 3 in Fire Magic
  1128 | D:2      | Reached XP level 3. HP: 11/15 MP: 1/7
  1291 | D:2      | Succumbed to an adder's poison

Illustrated notes

Levels and vault maps discovered:
D:1:      lightli_arrival_farm, layout_loops_ring,
          shapermc_ecumenical_altar_mp_vishouse, amcnicky_mini_corridor_feature
D:2:      layout_loops_corners, basic_altar

Skill      XL: |  1  2 |
---------------+-------+-----
Conjurations   | 1 |  1.1
Fire Magic     | 3 |  3.2
Fighting       | |  0.4
Dodging        | |  2.9
Stealth        | |  2.9
Unarmed Combat | |  0.4
Spellcasting   | |  2.3

Action                   || total
-------------------------++-------
Melee: Unarmed           ||    14
       Bite              ||     2
 Cast: Foxfire           ||    17
       Scorch            ||    13
Invok: Bend Space        ||     2
  Use: Scroll            ||     3
       Potion            ||     1
 Stab: Sleeping          ||     1
Armor: Skin              ||     6
Dodge: Dodged            ||    56
